 Dungeon Crawl Stone Soup version 0.26-b1-57-gb162d0664a (webtiles) character file.

Game seed: 12955399401153066992

135 Destapler the Skirmisher (level 5, -7/42 HPs)
             Began as a Formicid Abyssal Knight on Jan 8, 2021.
             Was a Believer of Lugonu.
             Killed by divine providence
             ... invoked by an orc priest
              (10 damage)
             ... on level 3 of the Dungeon.
             The game lasted 00:08:31 (3084 turns).

Destapler the Skirmisher (Formicid Abyssal Knight)  Turns: 3084, Time: 00:08:32

Health: -7/42      AC:  4    Str: 24    XL:     5   Next: 42%
Magic:  7/7        EV: 12    Int: 11    God:    Lugonu [**....]
Gold:   157        SH:  0    Dex: 10    Spells: 4/4 levels left

rFire    . . .     SeeInvis +   a - +1 falchion
rCold    . . .     Faith    .   (no shield)
rNeg     . . .     Spirit   .   b - +0 leather armour
rPois    .         Reflect  .   (helmet unavailable)
rElec    .         Harm     .   (no cloak)
rCorr    .         Rampage  .   (no gloves)
Will     .....                  k - +0 pair of boots
Stlth    +.........             (no amulet)
HPRegen  0.14/turn              p - +6 ring of strength
MPRegen  0.10/turn              (no ring)

@: no status effects
A: permanent stasis, dig shafts and tunnels, four strong arms, antennae 3
a: Dig, Shaft Self, Renounce Religion, Depart the Abyss, Bend Space


You were on level 3 of the Dungeon.
You worshipped Lugonu.
Lugonu was pleased with you.
You visited 1 branch of the dungeon, and saw 3 of its levels.
You visited the Abyss 1 time.

You collected 157 gold pieces.

Inventory:

Hand Weapons
 a - a +1 falchion (weapon)
 n - a +0 dagger of flaming
Missiles
 o - 7 poisoned darts (quivered)
Armour
 b - a +0 leather armour (worn)
 k - a +0 pair of boots (worn)
Jewellery
 p - a +6 ring of strength (left hand)
Scrolls
 g - a scroll of blinking {unknown}
 i - a scroll of teleportation
 j - a scroll of remove curse
 m - a scroll of immolation
Potions
 c - a potion of lignification
 d - a potion of attraction
 f - a potion of might {unknown}
 l - 2 potions of haste


   Skills:
 + Level 4.0 Fighting
 + Level 2.7 Long Blades
 + Level 3.0 Armour
 - Level 2.0 Dodging
 + Level 1.8 Stealth
 + Level 3.2 Invocations


You had 4 spell levels left.
You didn't know any spells.
Your spell library was empty.

Dungeon Overview and Level Annotations

Branches:
Dungeon (3/15)

Altars:


Innate Abilities, Weirdness & Mutations

You cannot be hasted, slowed, berserked, paralysed or teleported.
You can dig through walls and to a lower floor.
Your four strong arms can wield two-handed weapons with a shield.
You have a pair of large antennae on your head. (SInv)


Message History

The orc is lightly wounded.
The orc priest closely misses you.
You hit the orc priest.
The orc priest is heavily wounded.
The orc hits you but does no damage.
You hit the orc priest.
The orc priest is heavily wounded.
The orc priest hits you but does no damage.
The orc barely misses you.
You riposte.
You barely miss the orc.
The orc is lightly wounded.
You hit the orc priest.
The orc priest is severely wounded.
The orc closely misses you. The orc priest hits you with a +0 mace.
* * * LOW HITPOINT WARNING * * *
The orc hits you but does no damage.
You completely miss the orc priest.
The orc priest is severely wounded.
The orc priest mumbles some strange prayers to Beogh against you.
Beogh smites you!
You die...

#.############## #o# #.#
# ##########†# #
#........#.# #
#########.######.#.# #
...>.............#.# #
###.#####.#.##.#.#.#####
#
........#.#.##.#@#.....+
#
.##.....<......#oo######
# .##..##..#..####..# #
.##..##..#....<#..#
.##..##..#.#####..#
###..##..#.# #..#
#..##### #..# #... #..#
#.### #...


You could see an orc priest and an orc.

Vanquished Creatures
  5 adders
  An ooze (D:3)
  4 worms
  A dart slug (D:2)
  2 orcs (D:3)
  A ball python (D:1)
  6 giant cockroaches
  10 goblins
  2 hobgoblins (D:1)
  2 jackals (D:1)
  3 quokkas
  11 bats
  4 frilled lizards
  8 kobolds
  9 rats
69 creatures vanquished.

Notes
Turn   | Place    | Note
-------+----------+-------------------------------------------
     0 | Abyss:1  | Destapler the Formicid Abyssal Knight began the quest for
                  | the Orb.
     0 | Abyss:1  | Reached XP level 1. HP: 18/18 MP: 2/2
    21 | Abyss:1  | Noticed a smoke demon
    42 | Abyss:1  | Noticed a rakshasa
    45 | D:1      | Escaped the Abyss
   105 | D:1      | Reached * piety under Lugonu
   147 | D:1      | Reached skill level 1 in Dodging
   179 | D:1      | Reached XP level 2. HP: 19/24 MP: 3/3
   801 | D:1      | Reached XP level 3. HP: 24/29 MP: 4/4
  1541 | D:2      | Reached XP level 4. HP: 37/37 MP: 6/6
  1552 | D:2      | Reached ** piety under Lugonu
  1553 | D:2      | Reached skill level 1 in Stealth
  2576 | D:2      | Reached XP level 5. HP: 40/42 MP: 7/7
  3021 | D:3      | Reached skill level 4 in Fighting
  3083 | D:3      | HP: 2/42 [orc priest/+0 mace (5)]
  3084 | D:3      | Killed from afar by an orc priest

Illustrated notes

Levels and vault maps discovered:
D:1:      tarquinn_simple_flora_water_f, layout_loops_ring
D:2:      layout_loops_ring
D:3:      layout_basic

Skill      XL: |  1  2  3  4  5 |
---------------+----------------+-----
Dodging        | 1 2 |  2.0
Stealth        | 1 |  1.8
Invocations    | 3 |  3.2
Armour         | 3 |  3.0
Fighting       | 4 |  4.0
Long Blades    | |  2.7

Action                   |  1- 3 |  4- 6 || total
-------------------------+-------+-------++-------
Melee: Falchion          |   120 |   134 ||   254
Throw: Dart              |       |     6 ||     6
Invok: Depart the Abyss  |     1 |       ||     1
  Use: Scroll            |       |     7 ||     7
 Stab: Sleeping          |     1 |     4 ||     5
Armor: Leather armour    |    45 |    58 ||   103
Dodge: Dodged            |    87 |   110 ||   197
       Rpst.: Falchion   |    23 |    37 ||    60
